 Dungeon Crawl Stone Soup version 0.17.1-1-g73c8601 (console) character file.

772 Kloppie the Skirmisher (level 7, -1/64 HPs)
             Began as a Centaur Fighter on Dec 11, 2015.
             Slain by an orc
             ... wielding a +0 flail
              (4 damage)
             ... on level 5 of the Dungeon.
             The game lasted 00:05:15 (4392 turns).

Kloppie the Skirmisher (Centaur Fighter)            Turns: 4392, Time: 00:05:15

Health: -1/64      AC:  7    Str: 18    XL:     7   Next: 53%
Magic:  2/7        EV:  5    Int:  7    God:
Gold:   243        SH:  8    Dex: 11    Spells: 0 memorised, 6 levels left

rFire  . . .     SeeInvis .     a - +0 flail
rCold  . . .     Clarity  .     b - +0 scale mail
rNeg   . . .     SustAt   .     c - +0 shield
rPois  .         Gourm    .     n - +0 helmet
rElec  .         Spirit   .     (no cloak)
rCorr  .         Warding  .     (no gloves)
rMut   .         Stasis   .     (no barding)
MR     .....                    (no amulet)
Stlth  ..........               (no ring)
                                (no ring)

@: slowed, not resistant to hostile enchantments, extremely unstealthy
A: hooves 3, deformed body, speed 2, tough skin 3
a: no special abilities


You were on level 5 of the Dungeon.
You were not hungry.

You visited 1 branch of the dungeon, and saw 5 of its levels.

You collected 243 gold pieces.

Inventory:

Hand Weapons
 a - a +0 flail (weapon)
Armour
 b - a +0 scale mail (worn)
 c - a +0 shield (worn)
 n - a +0 helmet (worn)
 u - a +0 pair of gloves
Jewellery
 g - a +3 ring of dexterity {unknown}
Wands
 q - a wand of confusion (18)
Scrolls
 i - 3 scrolls of identify {unknown}
 j - a scroll of enchant weapon {unknown}
 k - a scroll of blinking {unknown}
 m - 2 scrolls of magic mapping {unknown}
 r - 2 scrolls of teleportation {unknown}
 t - 2 scrolls of amnesia {unknown}
Potions
 f - 2 potions of haste {unknown}
 h - 2 potions of agility {unknown}
 l - a potion of degeneration {unknown}
 o - 2 potions of invisibility {unknown}
 s - 2 potions of poison {unknown}
 v - 2 potions of flight {unknown}
 w - a potion of ambrosia {unknown}
Comestibles
 d - 2 chunks of flesh
 e - a bread ration
 p - a meat ration


   Skills:
 + Level 6.6 Fighting
 + Level 5.7 Maces & Flails
 - Level 2.1 Armour
 - Level 2.1 Shields


You had 6 spell levels left.
You didn't know any spells.

Dungeon Overview and Level Annotations

Branches:
Dungeon (5/15)
 Temple: D:4-7

Altars:
Elyvilon
Nemelex Xobeh
Zin
The Shining One

Annotations:
D:4 Eustachio, Grinder
D:5 Clownie's ghost, amateur OpMo


Innate Abilities, Weirdness & Mutations

You have hooves in place of feet.
Armour fits poorly on your strangely shaped body.
You cover ground very quickly.
You have extremely tough skin (AC +3).


Message History

The orc shouts!
A centaur comes into view.
An orc wizard comes into view. It is wielding a dagger.
The centaur shouts!
The orc wizard shouts!
The orc wizard points at you and mumbles some strange words.
You feel yourself slow down.
An orc comes into view. It is wielding a mace.
The orc shouts!
The centaur wields a shortbow.
The centaur shoots an arrow.
The arrow hits you!
* * * LOW HITPOINT WARNING * * *
2 orcs come into view.
You see here an arrow.
The orc shouts! x2
The centaur shoots an arrow.
The arrow hits you!
* * * LOW HITPOINT WARNING * * *
You see here an arrow.
The centaur shoots an arrow.
The arrow hits you.
* * * LOW HITPOINT WARNING * * *
The orc hits you with a flail.
You die...

#.# #.#......#
#.#####.#.#....###
#....W..........+
#
##.###.##...#####
(###.## ###.....##
#.#%## #...W...#
#.## ##.......##
#.# #.........#
#.# #.....(.@.##
#.# ####...(o..#
#.# ####....# #.#
#..c.# ##.# ##...#
...# #.oo# ####
#..oo ##...# ...#


You could see a centaur, an orc wizard, Clownie's ghost and 4 orcs.

Vanquished Creatures
  A water moccasin (D:5)
  A phantom (D:5)
  An ogre (D:4)
  2 scorpions (D:4)
  2 hounds
  2 crimson imps (D:5)
  An orc priest (D:2)
  A quasit (D:4)
  Jessica (D:2)
  A worker ant (D:4)
  Robin (D:2)
  5 gnolls
  2 adders
  2 worms (D:3)
  2 giant geckos
  5 orcs
  7 giant cockroaches
  11 goblins
  8 hobgoblins
  6 jackals (D:2)
  3 ball pythons (D:1)
  2 bats
  7 giant newts
  6 kobolds
  6 rats
86 creatures vanquished.

Notes
Turn   | Place    | Note
--------------------------------------------------------------
     0 | D:1      | Kloppie the Centaur Fighter began the quest for the Orb.
     0 | D:1      | Reached XP level 1. HP: 19/19 MP: 1/1
   212 | D:1      | Reached XP level 2. HP: 24/26 MP: 2/2
   406 | D:1      | Reached XP level 3. HP: 26/31 MP: 3/3
   808 | D:2      | Noticed Robin
   998 | D:2      | Killed Robin
   998 | D:2      | Reached skill level 4 in Fighting
   998 | D:2      | Reached XP level 4. HP: 24/40 MP: 4/4
  1468 | D:2      | Noticed Jessica
  1470 | D:2      | Killed Jessica
  1647 | D:2      | Reached XP level 5. HP: 38/47 MP: 5/5
  1822 | D:2      | Found a sparkling altar of Nemelex Xobeh.
  2692 | D:3      | HP: 1/47 [gnoll/halberd (11)]
  3289 | D:3      | Found a white marble altar of Elyvilon.
  3289 | D:3      | Found a glowing silver altar of Zin.
  3290 | D:3      | Found a glowing golden altar of the Shining One.
  3576 | D:4      | Noticed an ogre
  3592 | D:3      | Reached skill level 5 in Fighting
  3601 | D:4      | Killed an ogre
  3601 | D:4      | Reached XP level 6. HP: 52/56 MP: 6/6
  3732 | D:4      | Reached skill level 5 in Maces & Flails
  3946 | D:4      | Noticed Grinder
  3946 | D:4      | Noticed Eustachio
  3956 | D:5      | Entered Level 5 of the Dungeon
  4010 | D:5      | Reached skill level 6 in Fighting
  4010 | D:5      | Reached XP level 7. HP: 35/63 MP: 7/7
  4200 | D:5      | Noticed a water moccasin
  4215 | D:5      | Killed a water moccasin
  4358 | D:5      | Noticed Clownie's ghost (amateur OpMo)
  4392 | D:5      | HP: 3/64 [centaur/arrow (3)]
  4392 | D:5      | Slain by an orc

Action                   |  1- 3 |  4- 6 |  7- 9 || total
-------------------------+-------+-------+-------++-------
Melee: Flail             |   121 |   237 |    40 ||   398
  Use: Potion            |       |     1 |       ||     1
  Eat: Chunk             |       |     8 |     2 ||    10
